 Dungeon Crawl Stone Soup version 0.30-a0-241-g1121274140 (webtiles) character file.

Game seed: 14443447849308556146

283 lunkers the Poker (level 6, -2/51 HPs)
             Began as a Meteoran Wanderer on Oct 11, 2022.
             Was a Follower of Okawaru.
             Slain by an orc
             ... wielding a +0 war axe
              (3 damage)
             ... on level 4 of the Dungeon.
             The game lasted 00:03:11 (1234 turns).

lunkers the Poker (Meteoran Wanderer)               Turns: 1234, Time: 00:03:12

Health: -2/51      AC:  5    Str: 17    XL:     6   Next: 85%
Magic:  18/18      EV: 11    Int: 16    God:    Okawaru [*.....]
Gold:   76         SH:  0    Dex: 10    Spells: 7/7 levels left

rFire   . . .      SeeInvis .    a - +2 trident (distort)
rCold   . . .      Faith    .    (no shield)
rNeg    . . .      Spirit   .    h - +0 leather armour
rPois   .          Reflect  .    (no helmet)
rElec   .          Harm     .    k - +0 cloak
rCorr   .          Rampage  .    (no gloves)
Will    .....                    l - +0 pair of boots
Stlth   +.........               (no amulet)
HPRegen 0.28/turn                j - ring of magical power
MPRegen 0.16/turn                (no ring)

@: glowing
A: sense surroundings 1, otherworldly, glowing, explore regen
a: Renounce Religion, Heroism


You were on level 4 of the Dungeon.
You worshipped Okawaru.
Okawaru was aware of your devotion.
You visited 1 branch of the dungeon, and saw 4 of its levels.

You collected 76 gold pieces.

Inventory:

Hand Weapons
 a - a +2 trident of distortion (weapon)
 g - a +0 whip
 n - a +0 club
Armour
 d - a +0 robe
 h - a +0 leather armour (worn)
 k - a +0 cloak (worn)
 l - a +0 pair of boots (worn)
 o - a +0 helmet
Jewellery
 j - a ring of magical power (left hand)
Wands
 q - a wand of flame (9)
Scrolls
 b - a scroll of silence
 f - 4 scrolls of identify {unknown}
 i - a scroll of magic mapping {unknown}
Potions
 c - a potion of might
 m - 4 potions of heal wounds {unknown}
 p - a potion of resistance {unknown}
Miscellaneous
 e - a tin of tremorstones (2/2)


   Skills:
 - Level 3.6 Fighting
 - Level 4.0 Maces & Flails
 + Level 5.8 Polearms
 - Level 1.3 Spellcasting
 - Level 2.4 Transmutations
 - Level 4.8 Evocations


You had 7 spell levels left.
You didn't know any spells.
Your spell library contained the following spells:

 Spells                   Type           Power      Damage    Failure   Level
 Wereblood                Tmut           8%         N/A       16%         2
 Passwall                 Tmut/Erth      3%         N/A       26%         2


Dungeon Overview and Level Annotations

Branches:
Dungeon (4/15) Zot: 1159
 Temple: D:4-7

Altars:
Dithmenos
Okawaru

Annotations:
Abyss:1 Menkaure


Innate Abilities, Weirdness & Mutations

You passively map a small area around you.
You are easily found by Zot.
You glow in the dark.
You regain HP and MP as you explore.


Message History

Reach: a) +2 trident (distort)
Press: ? - help, Dir - move target, f/p - Menkaure
Aim: Menkaure (lightly damaged, fast, about 25% to evade your +2 trident of distortion)
You reach to attack!
You hit Menkaure but do no damage.
Space warps around Menkaure.
Menkaure is moderately damaged.
The orc hits you but does no damage. The orc hits you with a +0 war axe.
* * * LOW HITPOINT WARNING * * *
Reach: a) +2 trident (distort)
Press: ? - help, Dir - move target, f/p - Menkaure
Aim: Menkaure (moderately damaged, fast, about 25% to evade your +2 trident of distortion)
You reach to attack!
You hit Menkaure.
Space warps around Menkaure.
Menkaure is heavily damaged.
The orc hits you with a +0 whip.
* * * LOW HITPOINT WARNING * * *
The orc hits you with a +0 war axe.
* * * LOW HITPOINT WARNING * * *
Reach: a) +2 trident (distort)
Press: ? - help, Dir - move target, f/p - Menkaure
Aim: Menkaure (heavily damaged, fast, about 25% to evade your +2 trident of distortion)
The orc is in the way.
You hit the orc.
You kill the orc!
Okawaru accepts your kill. The orc barely misses you.
Menkaure calls on the powers of darkness!
The orc convulses! x2; Your body is wracked with pain!
* * * LOW HITPOINT WARNING * * *
Unknown command.
Reach: a) +2 trident (distort)
Press: ? - help, Dir - move target, f/p - Menkaure
Aim: Menkaure (heavily damaged, fast, about 25% to evade your +2 trident of distortion)
You reach to attack!
You puncture Menkaure!
Menkaure is devoured by a tear in reality.
The orc closely misses you. The orc hits you with a +0 war axe.
* * * LOW HITPOINT WARNING * * *
The orc closely misses you. The orc hits you with a +0 flail.
* * * LOW HITPOINT WARNING * * *
Your Polearms skill increases to level 5!
The orc attacks as you move away! The orc hits you with a +0 war axe.
You die...

*
...................
.......#.....###.#
, *, *
#...####.....# ,
#####**#.....### *
#.##.###.#.# , ...#
#..#,, , *
.##.###.#.#* , .
#.....#.# *
*###@###.# *
#oo.>.#
..M..ยงยง..#.#* * *
.#######..., ,,, ,
...# * * * ** *####


You could see 2 orcs.

Vanquished Creatures
  A scorpion (D:4)
  Robin (D:3)
  An adder (D:4)
  2 worms
  A dart slug (D:1)
  2 orcs (D:4)
  A ball python (D:1)
  2 endoplasms
  A giant cockroach (D:1)
  12 goblins
  2 hobgoblins
  7 jackals
  3 quokkas
  2 frilled lizards (D:1)
  4 kobolds
  2 rats
44 creatures vanquished.

Notes
Turn   | Place    | Note
-------+----------+-------------------------------------------
     0 | D:1      | lunkers the Meteoran Wanderer began the quest for the Orb.
     0 | D:1      | lunkers set off with the following items: a +0 club, a
                  | scroll of silence, a potion of might, a +0 robe, a tin of
                  | tremorstones (2/2); and the following spells available to
                  | memorise: Wereblood, Passwall.
     0 | D:1      | Reached XP level 1. HP: 19/19 MP: 3/3
    48 | D:1      | Reached skill level 1 in Maces & Flails
    53 | D:1      | Found a faded altar of an unknown god.
    69 | D:1      | Prayed at the altar of an unknown god.
    69 | D:1      | Became a worshipper of Warmaster Okawaru
    69 | D:1      | Reached * piety under Okawaru
   103 | D:1      | Reached XP level 2. HP: 22/26 MP: 5/5
   583 | D:2      | You fall into a shaft and drop 1 floor!
   599 | D:3      | Reached XP level 3. HP: 31/31 MP: 6/6
   717 | D:3      | Noticed Robin
   732 | D:3      | Killed Robin
   733 | D:3      | Reached XP level 4. HP: 23/38 MP: 7/7
   792 | D:3      | Identified the +5 hand axe of Pucilyf {holy, *Slow rF+
                  | rC+++ MP+9}
   870 | D:4      | Reached skill level 1 in Polearms
   904 | D:4      | Found a shadowy altar of Dithmenos.
   948 | D:4      | Found an iron altar of Okawaru.
   973 | D:4      | Reached skill level 2 in Polearms
   973 | D:4      | Reached XP level 5. HP: 45/45 MP: 8/8
  1011 | D:4      | Reached skill level 4 in Polearms
  1217 | D:4      | Reached XP level 6. HP: 51/51 MP: 9/9
  1223 | D:4      | Noticed Menkaure
  1233 | D:4      | Banished Menkaure
  1233 | D:4      | HP: 1/51 [orc/+0 flail (4)]
  1234 | D:4      | Reached skill level 5 in Polearms
  1234 | D:4      | Slain by an orc

Illustrated notes

Levels and vault maps discovered:
D:1:      dpeg_arrival_more_subterranean_lakeside_camping, layout_rooms,
          dreamdust_ecumenical_altar_statues
D:2:      layout_loops_corners
D:3:      gammafunk_steamed_eel, layout_loops_corners, uniq_robin, uniq_ijyb
D:4:      layout_loops_ring, mainiacjoe_overflow_catwalk,
          mainiacjoe_overflow_chevrons, mainiacjoe_overflow_paths, serial_glass,
          glass_columns_b, glass_columns_a, glass_columns_a, glass_columns_a,
          glass_columns_a, glass_columns_a, uniq_grinder, uniq_sigmund,
          uniq_menkaure

Skill      XL: |  1  2  3  4  5  6 |
---------------+-------------------+-----
Maces & Flails | 1 3 4 |  4.0
Polearms       | 2 4 5 |  5.8
Fighting       | |  3.6
Spellcasting   | |  1.3
Transmutations | |  2.4
Evocations     | |  4.8

Action                   |  1- 3 |  4- 6 || total
-------------------------+-------+-------++-------
Melee: Club              |    22 |       ||    22
       Whip              |    86 |     9 ||    95
       Punch             |     2 |       ||     2
       Trident           |       |    42 ||    42
Evoke: Tin of tremorston |     1 |       ||     1
Armor: Robe              |     6 |       ||     6
       Leather armour    |    28 |    16 ||    44
Dodge: Dodged            |    42 |    17 ||    59

Table legend: (Time is in decaauts)
 A = Elapsed time spent in this place.
 B = Non-inter-level travel time spent in this place.
 C = Inter-level travel time spent in this place.
 D = Time resting spent in this place.
 E = Time spent auto-exploring this place.
 F = Levels seen in this place.
 G = Mean time per level.
                   A        B        C        D        E       F      G
               +--------+--------+--------+--------+--------+-----+--------+
         Total |   1240 |   1160 |     80 |      0 |    800 |   4 |  310.0 |
       Dungeon |   1240 |   1160 |     80 |      0 |    800 |   4 |  310.0 |
               +--------+--------+--------+--------+--------+-----+--------+

Top non-repeatable levels by time:
     D:4: 383 daAuts
     D:1: 370 daAuts
     D:3: 269 daAuts
     D:2: 217 daAuts
